 Dungeon Crawl Stone Soup version 0.27-a0-1154-gfdeffcb720 (webtiles) character file.

Game seed: 4468299301367472979

175 HoaS the Bolt Thrower (level 5, -2/30 HPs)
             Began as a Kobold Hunter on May 14, 2021.
             Slain by a gnoll
             ... wielding a +0 flail
              (4 damage)
             ... on level 4 of the Dungeon.
             The game lasted 00:07:39 (3335 turns).

HoaS the Bolt Thrower (Kobold Hunter)               Turns: 3335, Time: 00:07:40

Health: -2/30      AC:  5    Str: 10    XL:     5   Next: 86%
Magic:  5/5        EV: 13    Int: 12    God:
Gold:   172        SH:  0    Dex: 16    Spells: 4/4 levels left

rFire    . . .     SeeInvis .   n - +1 dagger (protect)
rCold    . . .     Faith    .   (shield restricted)
rNeg     . . .     Spirit   .   k - +0 ring mail
rPois    .         Reflect  .   (no helmet)
rElec    .         Harm     .   (no cloak)
rCorr    .         Rampage  .   (no gloves)
Will     .....                  (no boots)
Stlth    ++........             (no amulet)
HPRegen  0.10/turn              (no ring)
MPRegen  0.09/turn              (no ring)

@: slowed, very slow
A: small, no large weapons, nightstalker 3
a: no special abilities


You were on level 4 of the Dungeon.
You visited 1 branch of the dungeon, and saw 4 of its levels.

You collected 172 gold pieces.

Inventory:

Hand Weapons
 a - a +1 hand crossbow
 n - a +1 dagger of protection (weapon)
Missiles
 d - 20 bolts
Armour
 c - a +0 scale mail
 k - a +0 ring mail (worn)
Jewellery
 h - a ring of ice
Wands
 m - a wand of flame (19)
Scrolls
 e - 2 scrolls of teleportation
Potions
 b - a potion of haste
 f - 2 potions of might
 g - a potion of flight {unknown}
 i - a potion of lignification {unknown}
 j - a potion of degeneration {unknown}
 l - a potion of mutation {unknown}
 o - 2 potions of heal wounds {unknown}


   Skills:
 - Level 2.1 Fighting
 * Level 5.5 Short Blades
 + Level 6.0 Crossbows
 - Level 2.4 Dodging
 - Level 1.3 Stealth


You had 4 spell levels left.
You didn't know any spells.
Your spell library contained the following spells:

 Spells                   Type           Power      Damage    Failure   Level
 Animate Skeleton         Necr           0%         N/A       65%         1
 Pain                     Necr           0%         1d4       65%         1
 Vampiric Draining        Necr           0%         2d6       95%         3
 Animate Dead             Necr           0%         N/A       100%        4
 Agony                    Necr           0%         N/A       100%        5


Dungeon Overview and Level Annotations

Branches:
Dungeon (4/15)
 Temple: D:4-7

Altars:
Gozag

Shops:
D:2 ?=[?


Innate Abilities, Weirdness & Mutations

You are small and have problems with some larger weapons.
You are completely attuned to the shadows.


Message History

The gnoll barely misses you.
The gnoll hits you from afar with a +0 spear.
You hit Natasha.
Natasha is moderately wounded.
Natasha mumbles some strange words.
The gnoll hits you but does no damage. x2; The crimson imp blinks!
You hit Natasha.
Natasha is moderately wounded.
Natasha casts a spell at you.
You feel yourself slow down. The gnoll closely misses you.
The gnoll barely misses you.
You hit Natasha.
Natasha is heavily wounded.
Natasha extends her claws.
Natasha claws you!
The gnoll hits you but does no damage. x2
The crimson imp blinks!
You hit Natasha.
Natasha is severely wounded.
Natasha casts a spell at you. The magic dart hits you!
* * * LOW HITPOINT WARNING * * *
The gnoll hits you with a +0 flail.
* * * LOW HITPOINT WARNING * * *
The gnoll hits you but does no damage.
The crimson imp hits you but does no damage.
You hit Natasha.
You kill Natasha!
Suddenly Natasha's spirit rises from her lifeless body.
The crimson imp disappears in a puff of smoke! x2
The gnoll barely misses you. The gnoll misses you.
A kobold comes into view. It is wielding a +0 short sword.
A gnoll comes into view. It is wielding a +0 spear.
Your Crossbows skill increases to level 6!
The gnoll barely misses you.
The gnoll hits you but does no damage. x3
A gnoll comes into view. It is wielding a +0 whip.
The gnoll hits you but does no damage. The gnoll closely misses you.
The gnoll hits you from afar with a +0 spear.
* * * LOW HITPOINT WARNING * * *
The gnoll hits you with a +0 flail.
You die...

.....#.#.#
.....#.#.#
.g.ยง.....#
...g.....##
#ggK....
###@##.)
#.#
########
#.#
.......#
#.#
[......#
#.#
.......#
#.#
.......#
#.#
.......#
#.#
.......#
#.#


You could see 3 gnolls and a kobold.

Vanquished Creatures
  A scorpion (D:3)
  Natasha (twice) (D:4)
  2 adders
  An adder skeleton (D:4)
  A worm (D:3)
  2 endoplasms (D:1)
  2 giant cockroaches (D:1)
  4 goblins
  3 hobgoblins
  8 jackals
  5 quokkas
  5 ball pythons
  2 bats
  A frilled lizard (D:2)
  5 kobolds
  A rat (D:2)
45 creatures vanquished.

Vanquished Creatures (others)
  An orc priest (D:4)
  A gnoll (D:4)
  An orc (D:4)
  2 ball pythons (D:4)
5 creatures vanquished.

Grand Total: 50 creatures vanquished

Notes
Turn   | Place    | Note
-------+----------+-------------------------------------------
     0 | D:1      | HoaS the Kobold Hunter began the quest for the Orb.
     0 | D:1      | Reached XP level 1. HP: 12/12 MP: 1/1
   329 | D:1      | Reached skill level 1 in Short Blades
   389 | D:1      | Reached skill level 5 in Crossbows
   389 | D:1      | Reached XP level 2. HP: 9/17 MP: 2/2
   763 | D:1      | Reached XP level 3. HP: 21/21 MP: 3/3
  1202 | D:2      | Found a faded altar of an unknown god.
  1222 | D:2      | Found Subas's Jewellery Shoppe.
  1286 | D:2      | Found Hoqos's Magic Scroll Boutique.
  1376 | D:2      | Found Fethuro's Armour Boutique.
  1391 | D:2      | Found Urykkuitz's Magic Scroll Boutique.
  1761 | D:2      | Reached XP level 4. HP: 16/26 MP: 4/4
  2538 | D:3      | Noticed a scorpion
  2572 | D:3      | Killed a scorpion
  2573 | D:3      | Reached XP level 5. HP: 10/30 MP: 5/5
  3008 | D:3      | Found an opulent altar of Gozag.
  3251 | D:4      | Noticed Natasha
  3252 | D:4      | Killed Natasha
  3253 | D:4      | Reached skill level 5 in Short Blades
  3312 | D:4      | Noticed Natasha
  3332 | D:4      | Killed Natasha
  3333 | D:4      | Reached skill level 6 in Crossbows
  3335 | D:4      | Slain by a gnoll

Illustrated notes

Levels and vault maps discovered:
D:1:      lightli_arrival_farm, layout_loops_ring
D:2:      layout_rooms, shapermc_ecumenical_altar_mp_urbaneastern, serial_shops,
          shop, nicolae_shop_trees, shop_statue, shop,
          kennysheep_decorative_pillar, chequers_serial_rivers_small_3
D:3:      layout_basic, old_standard_altar, minmay_ruptured
D:4:      layout_basic, xom_confusion_cloud, minivault_24,
          kennysheep_pointless_box, uniq_natasha

Skill      XL: |  1  2  3  4  5 |
---------------+----------------+-----
Short Blades   | 1 2 3 4 5 |  5.5
Crossbows      | 5 6 |  6.0
Fighting       | |  2.1
Dodging        | |  2.4
Stealth        | |  1.3

Action                   |  1- 3 |  4- 6 || total
-------------------------+-------+-------++-------
Melee: Dagger            |   116 |    97 ||   213
       Short sword       |     8 |       ||     8
  Use: Scroll            |     7 |     1 ||     8
 Stab: Sleeping          |     5 |     3 ||     8
Armor: Leather armour    |    14 |       ||    14
       Ring mail         |    26 |    48 ||    74
Dodge: Dodged            |    80 |    68 ||   148

Table legend: (Time is in decaauts)
 A = Elapsed time spent in this place.
 B = Non-inter-level travel time spent in this place.
 C = Inter-level travel time spent in this place.
 D = Time resting spent in this place.
 E = Time spent auto-exploring this place.
 F = Levels seen in this place.
 G = Mean time per level.
                   A        B        C        D        E       F      G
               +--------+--------+--------+--------+--------+-----+--------+
         Total |   3344 |   3277 |     67 |    642 |   2246 |   4 |  836.0 |
       Dungeon |   3344 |   3277 |     67 |    642 |   2246 |   4 |  836.0 |
               +--------+--------+--------+--------+--------+-----+--------+

Top non-repeatable levels by time:
     D:1: 1179 daAuts
     D:3: 1163 daAuts
     D:2: 922 daAuts
     D:4: 79 daAuts
